AoeStats
← jusart.92

Pilgrims

509761848Analyzed
4v4 RM · 5d ago on Sep 27, 2026· 48m 53s· 8 players
Game mode
Random Map
Map size
Large (8 player)
Population
200
Speed
Normal
Resources
Standard
Victory
Conquest
Starting age
Dark Age
Ending age
Imperial Age
RankedLock teamsTeams togetherTeam positionsShared explorationLock speedFull tech treeHidden civsTurbo modeCheats
Victory
Defeat
🇻🇪 Dravidians · Venezuela
1305
+13
🇪🇨 Magyars · Ecuador
1295
+14
🇨🇱 Bulgarians · Chile
1273
+15
🇻🇪 Byzantines · Venezuela
1252
+16
🇦🇷 Berbers · Argentina
1262
-15
🇩🇪 Teutons · Germany
1260
-15
🇦🇷 Sicilians · Argentina
1233
-14
🇲🇽 Italians · Mexico
1227
-14
pirate.king7
5:59 Loom
12:49 Feudal Age
17:51 Castle Age
16:36 Double-Bit Axe
16:44 Gold Mining
19:01 Bow Saw
19:09 Medium Warships
19:00 Fishing Lines
21:06 Gillnets
27:24 Wheelbarrow
29:20 Hand Cart
29:14 Scale Barding Armor
29:19 Forging
30:20 Chain Barding Armor
30:46 Bloodlines
45:12 Imperial Age
44:12 Iron Casting
44:31 Stone Mining
45:14 Cavalier
46:31 Plate Barding Armor
DiegoArmando
6:27 Loom
8:49 Feudal Age
9:25 Town Watch
10:48 Wheelbarrow
10:30 Double-Bit Axe
17:00 Horse Collar
20:43 Castle Age
19:53 Fishing Lines
22:02 Medium Warships
22:12 Bow Saw
23:32 Hand Cart
33:34 Imperial Age
31:43 Gillnets
34:58 Heavy Plow
35:32 Scale Barding Armor
35:39 Forging
37:30 Husbandry
37:40 Bloodlines
37:53 Chain Barding Armor
38:09 Iron Casting
38:24 Light Cavalry
40:16 Blast Furnace
39:53 Plate Barding Armor
39:59 Hussar
42:27 Scale Mail Armor
41:49 Pikeman
43:18 Squires
43:36 Chain Mail Armor
45:29 Plate Mail Armor
Vagatela
4:01 Loom
13:23 Feudal Age
13:52 Double-Bit Axe
13:52 Horse Collar
16:15 Stone Mining
17:28 Gold Mining
19:02 Forging
18:54 Scale Mail Armor
20:35 Fletching
32:25 Castle Age
31:54 Wheelbarrow
32:41 Pikeman
35:34 Bow Saw
36:01 Squires
35:48 Arson
35:49 Gambesons
36:23 Chain Mail Armor
37:57 Hand Cart
40:11 Iron Casting
43:08 Heavy Plow
48:09 Imperial Age
45:46 Bodkin Arrow
46:17 Ballistics
46:02 Murder Holes
48:20 Halberdier
jusart.92
7:44 Loom
9:58 Feudal Age
8:18 Loom
15:16 Castle Age
15:28 Fletching
15:39 Padded Archer Armor
15:57 Gold Mining
16:26 Bodkin Arrow
21:44 Leather Archer Armor
25:07 Ballistics
29:04 Imperial Age
31:02 Chemistry
31:04 Bracer
39:09 Ring Archer Armor
41:30 Conscription
41:48 Elite Genoese Crossbowman
44:56 Wheelbarrow
44:54 Town Watch
WaunMan
10:28 Loom
12:51 Feudal Age
18:12 Castle Age
19:12 Forging
20:19 Scale Mail Armor
28:35 Redemption
29:58 Chain Mail Armor
31:15 Iron Casting
31:01 Gambesons
31:18 Squires
33:11 Wheelbarrow
37:53 Imperial Age
36:02 Hand Cart
38:00 Elite Varangian Guard
39:22 Conscription
39:58 Plate Mail Armor
41:17 Double-Bit Axe
43:15 Bow Saw
42:53 Horse Collar
43:01 Fishing Lines
44:45 Logistica
45:34 Arson
46:26 Gillnets
47:46 Gold Mining
Keonnare
11:40 Feudal Age
15:17 Castle Age
14:37 Loom
15:51 Double-Bit Axe
15:48 Fishing Lines
15:52 Horse Collar
17:44 Forging
17:36 Heavy Plow
17:39 Gillnets
18:07 Bow Saw
18:15 Scale Mail Armor
18:51 Iron Casting
21:10 Medium Warships
22:30 Fletching
23:49 Wheelbarrow
23:26 Bodkin Arrow
25:01 Hand Cart
27:22 Padded Archer Armor
32:22 Husbandry
32:41 Leather Archer Armor
37:09 Imperial Age
36:11 Gold Mining
36:27 Town Watch
36:54 Thumb Ring
37:08 Medical Corps
37:10 Elite Elephant Archer
39:17 Ballistics
39:04 Bracer
39:55 Ring Archer Armor
43:18 Conscription
44:07 Chemistry
49:03 Gold Mining
MettatostonRay
12:53 Feudal Age
17:00 Castle Age
17:27 Fishing Lines
18:02 Double-Bit Axe
19:20 Fletching
19:01 Light Cavalry
19:52 Bloodlines
19:42 Husbandry
20:37 Scale Barding Armor
20:56 Bow Saw
21:31 Chain Barding Armor
23:04 Gillnets
23:50 Horse Collar
24:07 Bodkin Arrow
24:05 Gold Mining
26:19 Heavy Plow
31:15 Padded Archer Armor
32:55 Wheelbarrow
34:14 Leather Archer Armor
34:25 Hand Cart
37:15 Imperial Age
35:12 Thumb Ring
35:53 Ballistics
36:35 Loom
38:06 Bracer
38:37 Ring Archer Armor
38:10 Recurve Bow
38:05 Heavy Cavalry Archer
39:45 Gold Shaft Mining
40:21 Two-Man Saw
40:21 Parthian Tactics
44:21 Chemistry
43:30 Siege Engineers
43:55 Conscription
45:49 Crop Rotation
Daralion
11:25 Feudal Age
12:54 Loom
13:30 Forging
17:39 Castle Age
15:36 Double-Bit Axe
15:39 Horse Collar
17:19 Stone Mining
19:34 Wheelbarrow
20:21 Gambesons
20:36 Squires
23:38 Scale Mail Armor
24:13 Iron Casting
24:38 Heavy Plow
26:58 Chain Mail Armor
31:09 Fletching
31:19 Padded Archer Armor
33:01 Hand Cart
41:47 Town Watch
43:44 Bow Saw
47:12 Imperial Age
45:16 Fishing Lines
48:13 Bagains
48:33 Conscription
48:55 Arson
Connection lost

Rejoining the realm…

Still unreachable

The connection could not be restored.

Session expired

The server has moved on; the page needs a fresh start.